 Dungeon Crawl Stone Soup version 0.30-a0-782-ge64f9170bb (webtiles) character file.

Game seed: 16368410572703090257

36067 mopl the Thaumaturge (level 13, -1/97 (99) HPs)
             Began as a Purple Draconian Air Elementalist on Feb 27, 2023.
             Was a High Priest of Vehumet.
             Killed by their own static electricity (3 damage)
             ... on level 1 of the Orcish Mines.
             The game lasted 00:42:12 (20837 turns).

mopl the Thaumaturge (DrAE)                        Turns: 20837, Time: 00:42:13

HP:   -1/97 (99)    AC: 11    Str: 10    XL:     13   Next: 51%
MP:   31/38         EV: 16    Int: 23    God:    Vehumet [*****.]
Gold: 1197          SH: 10    Dex:  8    Spells: 19/36 levels left

rFire   . . .      SeeInvis .    a - +0 dagger (elec)
rCold   + . .      Faith    .    X - +2 kite shield {reflect}
rNeg    . . .      Spirit   .    (body armour unavailable)
rPois   .          Reflect  +    C - +0 hat
rElec   .          Harm     .    (no cloak)
rCorr   +          Rampage  .    s - +0 pair of gloves {hurl}
Will    +++..                    F - +1 pair of boots
Stlth   +                        V - amulet "Esakilid" {RegenMP Will+ Int+2}
HPRegen 0.36/turn                T - +5 ring of evasion
MPRegen 0.66/turn                U - ring "Sydiykhlu" {rC+ Will+ rCorr MP+9 Dex-4}

@: lightly drained
A: breathe power, AC +8, unfitting armour, cold-blooded
a: Breathe Dispelling Energy, Renounce Religion


You were on level 1 of the Orcish Mines.
You worshipped Vehumet.
Vehumet was extremely pleased with you.
You visited 3 branches of the dungeon, and saw 15 of its levels.
You also visited: Sewer and Gauntlet.

You collected 1625 gold pieces.
You spent 428 gold pieces at shops.

Inventory:

Hand Weapons
 a - a +0 dagger of electrocution (weapon)
 b - a +3 dagger of venom
 W - a +0 demon trident of venom
Missiles
 e - 12 boomerangs
 g - 10 poisoned darts
 o - 5 curare-tipped darts
 M - 3 throwing nets
 N - 16 javelins
Armour
 s - a +0 pair of gloves of hurling (worn)
 C - a +0 hat (worn)
 F - a +1 pair of boots (worn)
 X - a +2 kite shield of reflection (worn)
Jewellery
 K - a +6 ring of dexterity
 P - a ring of willpower
 Q - a ring of protection from fire
 T - a +5 ring of evasion (left hand)
 U - the ring "Sydiykhlu" (right hand) {rC+ Will+ rCorr MP+9 Dex-4}
   (You found it in a Gauntlet)

   [ring of protection from cold]

   Dex:       It affects your dexterity (-4).
   rC:        It protects you from cold.
   MP:        It affects your magic capacity (+9).
   rCorr:     It protects you from acid and corrosion.
   Will:      It increases your willpower.
 V - the amulet "Esakilid" (around neck) {RegenMP Will+ Int+2}
   (You found it in a Gauntlet)

   [amulet of magic regeneration]

   It increases your rate of magic regeneration.
   Int:       It affects your intelligence (+2).
   Will:      It increases your willpower.
Wands
 B - a wand of flame (19)
Scrolls
 d - 2 scrolls of fear
 h - 2 scrolls of amnesia {unknown}
 l - a scroll of blinking
 p - 3 scrolls of immolation
 q - a scroll of torment {!r}
 u - 3 scrolls of poison
 x - 2 scrolls of magic mapping
 y - 2 scrolls of fog
 A - a scroll of vulnerability {unknown}
 D - 2 scrolls of enchant weapon
 G - a scroll of summoning
 H - 7 scrolls of teleportation
 J - 2 scrolls of enchant armour
 L - a scroll of silence {!r}
Potions
 c - 5 potions of berserk rage {!q}
 f - 3 potions of heal wounds
 i - 5 potions of mutation {!q}
 j - 5 potions of invisibility
 k - 10 potions of curing
 m - 3 potions of brilliance
 n - 4 potions of haste
 r - 6 potions of magic
 t - a potion of cancellation
 v - 2 potions of flight
 w - a potion of resistance
 z - 3 potions of might
 E - 2 potions of lignification {!q}
 O - 7 potions of ambrosia
Miscellaneous
 S - a piece from Xom's chessboard (15/15)
 Y - a phial of floods


   Skills:
 + Level 4.8 Fighting
 + Level 4.5 Dodging
 - Level 1.7 Stealth
 + Level 6.1 Shields
 + Level 12.3 Spellcasting
 + Level 11.0 Conjurations
 + Level 11.4 Air Magic
 - Level 10.0 Poison Magic
 + Level 4.8 Evocations


You had 19 spell levels left.
You knew the following spells:

 Your Spells              Type           Power      Damage    Failure   Level
a - Shock                 Conj/Air       100%       1d9       1%          1
b - Static Discharge      Conj/Air       100%       2-7/arc   1%          2
c - Mephitic Cloud        Conj/Pois/Air  59%        N/A       1%          3
f - Airstrike             Air            30%        2d(5-21)  1%          4
n - Swiftness             Air            61%        N/A       1%          3
o - Olgreb's Toxic Radia  Pois           57%        N/A       1%          4

Your spell library contained the following spells:

 Spells                   Type           Power      Damage    Failure   Level
 Sticky Flame             Conj/Fire      39%        2d6       3%          4
 Sting                    Tmut/Pois      100%       1d8       1%          1
 Cigotuvi's Dreadful Rot  Necr/Pois/Air  94%        N/A       1%          2
 Poisonous Vapours        Pois/Air       100%       N/A       1%          2
 Hailstorm                Conj/Ice       39%        3d9       1%          3
 Kindle Blastsparks       Fire/Tloc/Air  62%        2d15      2%          3
 Apportation              Tloc           28%        N/A       12%         1
 Ice Form                 Ice/Tmut       14%        N/A       75%         4
 Simulacrum               Ice/Necr       7%         N/A       100%        6
 Ozocubu's Refrigeration  Ice            7%         4d9       100%        7
 Disjunction              Tloc           7%         N/A       100%        8
 Ignition                 Fire           7%         3d4       100%        8


Dungeon Overview and Level Annotations

Branches:
Dungeon (12/15)            Temple (1/1) D:6            Lair (0/5) D:11
    Orc (2/2) D:12            Elf (0/3) Orc:2         Sewer (visited)
Gauntlet (visited)

Altars:
Cheibriados
Elyvilon
Fedhas
Gozag
Ru
Sif Muna
Trog
Vehumet
Wu Jian
Xom
Zin
The Shining One

Shops:
D:6 ?   D:9 =   D:10 :   Orc:2 [=(!

Annotations:
D:7 4 runed translucent doors
D:10 books
Orc:1 fly


Innate Abilities, Weirdness & Mutations

You can breathe bolts of dispelling energy.
Your rich purple scales are hard. (AC +8)
You cannot fit into any form of body armour.
You are cold-blooded and may be slowed by cold attacks.


Message History

The stinking cloud engulfs you but does no damage.
You hear a shout! x3; You hear two shouts! x2; You hear a shout!
The two-headed ogre is engulfed in noxious fumes.
The two-headed ogre hits you with a +0 giant club.
The two-headed ogre hits you with a +0 giant club!
Unknown command.
You hit the two-headed ogre.
You tail-slap the two-headed ogre, but do no damage.
The two-headed ogre is lightly wounded.
The ogre is engulfed in noxious fumes.
The ogre appears confused.
The ogre hits itself with a +0 giant club!
You hit the two-headed ogre but do no damage.
The two-headed ogre is lightly wounded.
The two-headed ogre is engulfed in noxious fumes.
The two-headed ogre hits you with a +0 giant club! x2
* * * LOW HITPOINT WARNING * * *
The ogre is engulfed in noxious fumes.
The ogre appears confused.
Casting: Mephitic Cloud (safe; 1% risk of failure)
Confirm with . or Enter, or press ? or * to list all spells.
The two-headed ogre is struck by an arc of lightning.
The two-headed ogre is moderately wounded.
You are struck by an arc of lightning.
* * * LOW HITPOINT WARNING * * *
The two-headed ogre is struck by an arc of lightning.
The two-headed ogre is moderately wounded.
The lightning grounds out.
The two-headed ogre is engulfed in noxious fumes.
The two-headed ogre hits you with a +0 giant club!
* * * LOW HITPOINT WARNING * * *
You block the two-headed ogre's attack.
Casting: Static Discharge (safe; 1% risk of failure)
Confirm with . or Enter, or press ? or * to list all spells.
The two-headed ogre is struck by an arc of lightning!
The two-headed ogre is heavily wounded.
You are struck by an arc of lightning.
* * * LOW HITPOINT WARNING * * *
The two-headed ogre is struck by an arc of lightning.
The two-headed ogre is severely wounded.
You are struck by an arc of lightning.
You die...

#.#..)))........##
##..##≈≈.....###.#
....#≈≈≈≈..#####.# #
...#≈≈≈≈~≈## ##.## ~#
#### ...##≈≈≈### #.##
≈≈# ##..## ....##≈≈#
#.# ~~#####....#
....##≈## #≈#
##>...##.......
.....###
#≈###☼....##....#..#
)......# ##)@O#
##........ ...##.##
##### ##..#####..
.)..###
#..######...#..)#..
#).##
##...........#._)'.8
....##
#............#..)#..
.....#
#............#####..
##..##
###.......>..........
.####
##.#..................
..# ###
#.....................


You could see a two-headed ogre (very poisoned).

Vanquished Creatures
  A balrug (Gauntlet)
  A minotaur (Gauntlet)
  Snorg (D:10)
  Josephine (D:10)
  Harold (D:10)
  Erolcha (D:10)
  An ogre mage (D:11)
  6 two-headed ogres
  3 death yaks
  A centaur warrior (D:8)
  An orc high priest (Orc:2)
  Urug (Orc:2)
  A thrashing horror (Gauntlet)
  Nergalle (D:10)
  6 orc knights
  An ugly thing (D:12)
  4 orc sorcerers
  A manticore (D:11)
  4 cyclopes
  2 unseen horrors
  2 gargoyles
  A kobold demonologist (D:11)
  2 ice devils (D:12)
  A queen bee (D:11)
  4 trolls
  A hornet (D:9)
  4 saltlings (Orc:2)
  5 slime creatures
  7 wraiths
  2 shadows
  13 yaks
  2 vampires
  A wyvern (D:7)
  A basilisk (D:12)
  2 steam dragons
  Menkaure (D:7)
  Edmund (D:5)
  4 wargs
  3 acid dragons
  A hell hound (Gauntlet)
  2 water moccasins
  9 orc warriors
  A black bear (D:5)
  An ice beast (D:8)
  2 sky beasts (D:8)
  3 small abominations (Gauntlet)
  16 ogres
  6 centaurs
  2 kobold brigands
  2 bullfrogs
  4 scorpions
  6 wights
  34 killer bees
  2 howler monkeys
  4 hounds
  A gnoll bouda (D:5)
  2 jellies
  12 orc priests
  21 orc wizards
  2 iguanas (D:4)
  A mummy (D:5)
  11 gnolls
  11 adders
  A river rat (D:11)
  2 shadow imps
  2 white imps
  3 worms
  A dart slug (D:3)
  54 orcs
  4 bats
  8 endoplasms
  14 giant cockroaches
  A goblin (D:2)
  5 hobgoblins
  5 jackals
  13 kobolds
  2 quokkas (D:1)
  14 ball pythons
  8 frilled lizards
  7 rats
  2 pillars of salt (Orc:2)
398 creatures vanquished.

Vanquished Creatures (others)
  20 demonic plants (Gauntlet)
  3 pillars of salt (Orc:2)
23 creatures vanquished.

Grand Total: 421 creatures vanquished

Notes
Turn   | Place    | Note
-------+----------+-------------------------------------------
     0 | D:1      | mopl the Draconian Air Elementalist began the quest for the
                  | Orb.
     0 | D:1      | Reached XP level 1. HP: 14/14 MP: 3/3
   152 | D:1      | Reached XP level 2. HP: 12/20 MP: 1/5
   195 | D:1      | Learned a level 2 spell: Static Discharge
   700 | D:2      | Reached XP level 3. HP: 26/26 MP: 4/6
  1017 | D:2      | Reached skill level 2 in Conjurations
  1563 | D:3      | Found a glowing drain.
  1590 | D:3      | Reached XP level 4. HP: 25/33 MP: 1/8
  1608 | Sewer    | Entered a sewer
  1846 | Sewer    | Reached skill level 3 in Spellcasting
  1854 | Sewer    | Noticed a kobold brigand
  1870 | Sewer    | Killed a kobold brigand
  1871 | Sewer    | Reached skill level 4 in Air Magic
  1871 | Sewer    | Reached XP level 5. HP: 17/38 MP: 4/9
  2144 | D:3      | Reached skill level 3 in Conjurations
  2472 | D:3      | Reached XP level 6. HP: 45/45 MP: 9/11
  2628 | D:4      | Found a shimmering altar of Xom.
  2779 | D:4      | Reached skill level 4 in Spellcasting
  3017 | D:4      | Reached skill level 5 in Air Magic
  3090 | D:4      | Reached skill level 4 in Conjurations
  3540 | D:5      | Entered Level 5 of the Dungeon
  3647 | D:5      | Your scales start taking on a rich purple colour.
  3647 | D:5      | Reached skill level 5 in Spellcasting
  3647 | D:5      | Reached XP level 7. HP: 50/50 MP: 5/14
  3710 | D:5      | Learned a level 4 spell: Olgreb's Toxic Radiance
  3715 | D:5      | Learned a level 4 spell: Airstrike
  3719 | D:5      | Learned a level 3 spell: Mephitic Cloud
  4005 | D:5      | Noticed Edmund
  4042 | D:5      | Killed Edmund
  4043 | D:5      | Reached skill level 1 in Poison Magic
  4436 | D:5      | Reached skill level 2 in Poison Magic
  4899 | D:5      | Found a snail-covered altar of Cheibriados.
  5249 | D:5      | Found a sacrificial altar of Ru.
  5290 | D:5      | Reached skill level 6 in Spellcasting
  5346 | D:6      | Reached skill level 5 in Conjurations
  5354 | D:6      | Reached XP level 8. HP: 55/57 MP: 2/17
  5548 | D:6      | Reached skill level 6 in Air Magic
  5814 | D:6      | Found Fewaafut's Magic Scroll Boutique.
  5825 | D:6      | Bought a scroll of blinking for 105 gold pieces
  5825 | D:6      | Bought a scroll of poison for 56 gold pieces
  5825 | D:6      | Bought a scroll of fog for 56 gold pieces
  5848 | D:6      | Reached skill level 3 in Poison Magic
  5961 | D:6      | Found a staircase to the Ecumenical Temple.
  5969 | Temple   | Entered the Ecumenical Temple
  6026 | Temple   | Became a worshipper of Vehumet
  6084 | D:6      | Bought a scroll of teleportation for 42 gold pieces
  6513 | D:7      | Found a huge runed translucent gate.
  6513 | D:7      | Found a huge runed translucent gate.
  6513 | D:7      | Noticed a polar bear
  6514 | D:7      | Found a huge runed translucent gate.
  6514 | D:7      | Noticed a dream sheep
  6515 | D:7      | Found a huge runed translucent gate.
  6515 | D:7      | Noticed a manticore
  6515 | D:7      | Noticed a polar bear
  6515 | D:7      | Noticed a dream sheep
  6515 | D:7      | Noticed a polar bear
  6515 | D:7      | Noticed a polar bear
  6516 | D:7      | Noticed a polar bear
  6516 | D:7      | Noticed a manticore
  6516 | D:7      | Noticed a polar bear
  6557 | D:7      | Noticed Menkaure
  6563 | D:7      | Killed Menkaure
  6564 | D:7      | Reached skill level 7 in Spellcasting
  6564 | D:7      | Reached skill level 6 in Conjurations
  6564 | D:7      | Reached skill level 4 in Poison Magic
  6741 | D:7      | Learned a level 3 spell: Swiftness
  6961 | D:7      | Reached skill level 1 in Shields
  6961 | D:7      | Reached XP level 9. HP: 54/62 MP: 16/19
  6998 | D:7      | Reached skill level 7 in Air Magic
  7817 | D:8      | Reached skill level 2 in Shields
  8567 | D:8      | Reached skill level 5 in Poison Magic
  8817 | D:8      | Reached skill level 3 in Shields
  9039 | D:8      | Reached skill level 8 in Spellcasting
  9074 | D:8      | Noticed a centaur warrior
  9113 | D:8      | Killed a centaur warrior
  9114 | D:8      | Reached skill level 7 in Conjurations
  9594 | D:9      | Reached XP level 10. HP: 67/69 MP: 22/22
  9934 | D:9      | Found a blossoming altar of Fedhas.
  9937 | D:9      | Found Onteoly's Jewellery Shoppe.
  9984 | D:9      | Reached skill level 8 in Air Magic
 10079 | D:9      | Reached skill level 4 in Shields
 10084 | D:9      | Reached * piety under Vehumet
 10084 | D:9      | Offered knowledge of Sandblast by Vehumet.
 10155 | D:9      | Reached skill level 6 in Poison Magic
 11085 | D:10     | Entered Level 10 of the Dungeon
 11286 | D:10     | Noticed Snorg
 11304 | D:10     | Killed Snorg
 11305 | D:10     | Reached skill level 5 in Shields
 11305 | D:10     | Reached skill level 9 in Spellcasting
 11305 | D:10     | Reached skill level 8 in Conjurations
 11461 | D:10     | Found Gutinuyx's Tremendous Tomes.
 11641 | D:10     | Reached skill level 7 in Poison Magic
 11802 | D:10     | Noticed Erolcha
 11813 | D:10     | Noticed Nergalle
 11814 | D:10     | Killed Erolcha
 11815 | D:10     | Reached skill level 9 in Air Magic
 11815 | D:10     | Reached XP level 11. HP: 74/74 MP: 24/24
 11829 | D:10     | Killed Nergalle
 12260 | D:10     | Reached skill level 10 in Spellcasting
 12260 | D:10     | Noticed Josephine
 12261 | D:10     | Reached ** piety under Vehumet
 12261 | D:10     | Offered knowledge of Momentum Strike by Vehumet.
 12374 | D:10     | Noticed Harold
 12397 | D:10     | Killed Harold
 12746 | D:10     | Found a shimmering blue altar of Sif Muna.
 12746 | D:10     | Found an ornate altar of the Wu Jian Council.
 13487 | D:10     | Killed Josephine
 13488 | D:10     | Reached skill level 9 in Conjurations
 13633 | D:10     | Found a shimmering blue altar of Sif Muna.
 13633 | D:10     | Found an ornate altar of the Wu Jian Council.
 13976 | D:10     | Found Gutinuyx's Tremendous Tomes.
 14454 | D:11     | Reached skill level 8 in Poison Magic
 14466 | D:11     | Offered knowledge of Scorch by Vehumet.
 14528 | D:11     | Reached skill level 10 in Air Magic
 14533 | D:11     | Noticed a death yak
 14534 | D:11     | Noticed a death yak
 14696 | D:11     | Noticed a death yak
 14768 | D:10     | Killed a death yak
 14924 | D:11     | Noticed an ogre mage
 14932 | D:11     | Killed an ogre mage
 15179 | D:11     | Reached *** piety under Vehumet
 15191 | D:11     | Reached skill level 11 in Spellcasting
 15210 | D:11     | Reached XP level 12. HP: 48/81 MP: 4/27
 15360 | D:11     | Found a staircase to the Lair.
 16107 | D:11     | Killed a death yak
 16108 | D:11     | Reached skill level 10 in Conjurations
 16108 | D:11     | Reached skill level 9 in Poison Magic
 16324 | D:11     | Killed a death yak
 16418 | D:12     | Noticed a two-headed ogre
 16431 | D:12     | Killed a two-headed ogre
 16440 | D:12     | Found a gate leading to a gauntlet.
 16443 | Gauntlet | Entered a Gauntlet
 16443 | Gauntlet | Noticed a balrug
 16443 | Gauntlet | Found a transporter.
 16443 | Gauntlet | Found a transporter.
 16443 | Gauntlet | Found a transporter.
 16447 | Gauntlet | Found a transporter.
 16447 | Gauntlet | Found a transporter.
 16458 | Gauntlet | Found a transporter.
 16479 | Gauntlet | Found a transporter.
 16479 | Gauntlet | Found a transporter.
 16563 | Gauntlet | Found a transporter.
 16578 | Gauntlet | Found a transporter.
 16586 | Gauntlet | Noticed a tengu warrior
 16588 | Gauntlet | Found a transporter.
 16651 | Gauntlet | Killed a balrug
 16652 | Gauntlet | Reached skill level 1 in Fighting
 16652 | Gauntlet | Reached skill level 2 in Dodging
 16652 | Gauntlet | Reached skill level 1 in Evocations
 16656 | Gauntlet | Identified the ring "Sydiykhlu" {rC+ Will+ rCorr MP+9
                  | Dex-4}
 16856 | Gauntlet | Identified the amulet "Esakilid" {RegenMP Will+ Int+2}
 17026 | Gauntlet | Identified the +1 shortbow of Delightful Absolution {speed,
                  | Int+3}
 17026 | Gauntlet | Identified the +3 ring mail of Suckanid {Drain rN+ Str+3}
 17026 | Gauntlet | Noticed a minotaur
 17039 | Gauntlet | Killed a minotaur
 17040 | Gauntlet | Reached skill level 2 in Fighting
 17055 | Gauntlet | Got the Volume of Transposition
 17065 | Gauntlet | Identified the +6 dagger of the World {drain, rN++ Will+
                  | Str+3 Int-3}
 17202 | D:12     | Reached skill level 2 in Evocations
 17228 | D:12     | Offered knowledge of Frozen Ramparts by Vehumet.
 17906 | D:11     | Reached skill level 3 in Dodging
 18162 | D:12     | Reached skill level 3 in Fighting
 18165 | D:12     | Reached **** piety under Vehumet
 18195 | D:12     | Reached skill level 11 in Air Magic
 18212 | D:12     | Found a staircase to the Orcish Mines.
 18310 | Orc:1    | Entered Level 1 of the Orcish Mines
 18423 | Orc:1    | Reached skill level 3 in Evocations
 18424 | Orc:1    | Noticed a two-headed ogre
 18428 | Orc:1    | Killed a two-headed ogre
 18428 | Orc:1    | Offered knowledge of Lee's Rapid Deconstruction by Vehumet.
 19387 | Orc:1    | Found a bloodstained altar of Trog.
 19512 | Orc:2    | Entered Level 2 of the Orcish Mines
 19512 | Orc:2    | Noticed Urug
 19526 | Orc:2    | Killed Urug
 19527 | Orc:2    | Reached XP level 13. HP: 95/96 MP: 28/28
 19538 | Orc:2    | Found a staircase to the Elven Halls.
 19880 | Orc:2    | Reached skill level 12 in Spellcasting
 20212 | Orc:2    | Reached skill level 4 in Fighting
 20215 | Orc:2    | Reached skill level 4 in Dodging
 20215 | Orc:2    | Reached skill level 4 in Evocations
 20392 | Orc:2    | Reached ***** piety under Vehumet
 20414 | Orc:2    | Offered knowledge of Sticky Flame by Vehumet.
 20504 | Orc:2    | Reached skill level 10 in Poison Magic
 20504 | Orc:2    | Found Qagalies's Jewellery Shoppe.
 20565 | Orc:2    | Reached skill level 11 in Conjurations
 20633 | Orc:2    | Found Erib's Antique Weapon Shoppe.
 20635 | Orc:2    | Found Zezaassu's Distillery.
 20641 | Orc:2    | Bought a potion of cancellation for 104 gold pieces
 20641 | Orc:2    | Bought a potion of heal wounds for 65 gold pieces
 20660 | Orc:2    | Found Boby's Armour Shop.
 20819 | Orc:1    | Reached skill level 6 in Shields
 20837 | Orc:1    | HP: 2/97 [/static electricity (4)]
 20837 | Orc:1    | Killed from afar by themself

Illustrated notes

Levels and vault maps discovered:
D:1:      dpeg_arrival_lava_temple_mockup, layout_rooms, nicolae_wormholes
D:2:      layout_basic
D:3:      layout_rooms, gup_sewer_entry_glass, minmay_misc_feat_alley,
          minmay_snake_closets
D:4:      layout_basic, lemuel_round_altar, minmay_hedge_maze,
          kennysheep_flooded_box
D:5:      layout_layer_cave, lemuel_tele_altar, chei_slow_surprise,
          dk_vineyard_1, hangedman_decor_clover_reticule,
          hangedman_decor_growths, uniq_edmund
D:6:      layout_loops_ring, minmay_temple_entry_wispy, serial_shops,
          nicolae_shop_advertising_works [nicolae_subvault_shop_adworks],
          corexii_hall_statues_x, grunt_ministairs_4
D:7:      lemuel_bear_cage, layout_loops_corners, uniq_menkaure
D:8:      layout_layer_cave
D:9:      layout_gridville, lemuel_crystal_altar, serial_shops,
          nicolae_shop_window_shopping
D:10:     layout_layer_cave, nicolae_overflow_two_pavilions, st_stairs_6,
          nicolae_shop_i_like_big_books, uniq_nergalle, uniq_erolcha,
          uniq_josephine, uniq_harold, uniq_snorg
D:11:     layout_roguey [special_room_bee], dpeg_lair_monsters, minmay_between
D:12:     layout_rooms, david_orc_4, gauntlet_entry_generic,
          portal_ice_cave_demonic_guard
Temple:   nicolae_temple_slightly_damp_pantheon
Orc:1:    lemuel_ogre_cave, layout_caves, mumra_transporter_accident,
          david_defended_altar_orc
Orc:2:    hellmonk_orc_salted, layout_caves, uniq_urug

Skill      XL: |  1  2  3  4  5  6  7  8  9 10 11 12 13 |
---------------+----------------------------------------+-----
Conjurations   | 2 3 4 5 6 7 8 9 10 11 | 11.0
Spellcasting   | 3 5 6 7 8 9 11 12 | 12.3
Air Magic      | 4 5 6 7 9 10 11 | 11.4
Poison Magic   | 2 4 5 7 8 9 10 | 10.0
Shields        | 1 3 5 6 |  6.1
Fighting       | 3 4 |  4.8
Dodging        | 3 4 |  4.5
Evocations     | 3 4 |  4.8
Stealth        | |  1.7

Action                     |  1- 3 |  4- 6 |  7- 9 | 10-12 | 13-15 || total
---------------------------+-------+-------+-------+-------+-------++-------
  Melee: Unarmed           |    84 |       |       |       |       ||    84
         Tailslap          |    10 |    21 |    10 |    17 |     2 ||    60
         Punch             |     1 |       |     1 |       |       ||     2
         Dagger            |    12 |   150 |    66 |   132 |    23 ||   383
   Cast: Shock             |    58 |    70 |   111 |    85 |    28 ||   352
         Static Discharge  |     1 |     5 |    38 |    86 |     7 ||   137
         Mephitic Cloud    |       |       |     3 |    18 |     6 ||    27
         Airstrike         |       |       |    19 |   106 |    18 ||   143
         Olgreb's Toxic Ra |       |       |       |    56 |    24 ||    80
         Swiftness         |       |       |       |     3 |     1 ||     4
Ability: Breathe Dispellin |       |       |     3 |     8 |       ||    11
  Evoke: Wand              |       |       |       |     3 |       ||     3
    Use: Potion            |       |     2 |       |     2 |     2 ||     6
         Scroll            |       |     7 |     5 |    10 |       ||    22
   Stab: Sleeping          |     1 |     5 |     1 |     2 |       ||     9
         Invisible         |       |     2 |       |       |       ||     2
         Confused          |       |       |     1 |     2 |     1 ||     4
 Armour: Skin              |    35 |    43 |    52 |    66 |     4 ||   200
  Dodge: Dodged            |    86 |   107 |    86 |   159 |    22 ||   460
  Block: Buckler           |       |       |    10 |    52 |       ||    62
         Kite shield       |       |       |       |    35 |    19 ||    54
         Reflection        |       |       |       |     1 |     1 ||     2

Table legend: (Time is in decaauts)
 A = Elapsed time spent in this place.
 B = Non-inter-level travel time spent in this place.
 C = Inter-level travel time spent in this place.
 D = Time resting spent in this place.
 E = Time spent auto-exploring this place.
 F = Levels seen in this place.
 G = Mean time per level.
                   A        B        C        D        E       F      G
               +--------+--------+--------+--------+--------+-----+--------+
         Total |  20905 |  19634 |   1271 |   5134 |  10920 |  17 | 1229.7 |
       Dungeon |  17387 |  16314 |   1073 |   4206 |   9603 |  12 | 1448.9 |
        Temple |     82 |     65 |     17 |      0 |     41 |   1 |   82.0 |
  Orcish Mines |   2320 |   2140 |    180 |    404 |   1138 |   2 | 1160.0 |
         Sewer |    398 |    398 |      0 |    117 |    137 |   1 |  398.0 |
      Gauntlet |    716 |    716 |      0 |    407 |      0 |   1 |  716.0 |
               +--------+--------+--------+--------+--------+-----+--------+

Top non-repeatable levels by time:
    D:10: 3740 daAuts
     D:8: 2167 daAuts
    D:11: 1799 daAuts
     D:5: 1646 daAuts
     D:9: 1406 daAuts
   Orc:2: 1233 daAuts
    D:12: 1186 daAuts
     D:7: 1184 daAuts
     D:4: 1108 daAuts
   Orc:1: 1087 daAuts
     D:6: 941 daAuts
     D:3: 784 daAuts
     D:2: 737 daAuts
Gauntlet: 716 daAuts
     D:1: 684 daAuts
